 Dungeon Crawl Stone Soup version 0.30.0-5-g1a98f26d00 (webtiles) character file.

Game seed: 10185287794829016579

835 AarnesTheHuman the Shield-Bearer (level 7, -1/60 HPs)
             Began as a Gnoll Fighter on May 10, 2023.
             Killed from afar by an electric eel (6 damage)
             ... with a bolt of electricity
             ... on level 6 of the Dungeon.
             The game lasted 00:05:39 (5083 turns).

AarnesTheHuman the Shield-Bearer (Gnoll Fighter)    Turns: 5083, Time: 00:05:40

Health: -1/60      AC: 16    Str: 20      XL:     7   Next: 98%
Magic:  11/11      EV:  4    Int:  8      God:
Gold:   190        SH: 13    Dex:  8 (11) Spells: 11/11 levels left

rFire   . . .        a - +2 dagger (venom)
rCold   + . .        q - +0 tower shield
rNeg    . . .        s - +1 plate armour
rPois   .            (no helmet)
rElec   .            j - +1 cloak "Oklocano" {Rampage rC+ Str+3 SInv}
rCorr   .            (no gloves)
SInv    +            (no boots)
Will    .....        (no amulet) Stlth
                     (no ring)
HPRegen 0.30/turn    (no ring)
MPRegen 0.12/turn

%: rampage
@: no status effects
A: fangs 1, strong nose, distributed training
a: no special abilities


You were on level 6 of the Dungeon.
You visited 1 branch of the dungeon, and saw 6 of its levels.

You collected 220 gold pieces.
You spent 30 gold pieces at shops.

Inventory:

Hand Weapons
 a - a +2 dagger of venom (weapon)
 b - a +0 heavy war axe
 p - a +2 dagger of speed
Missiles
 f - 10 poisoned darts (quivered)
 t - 39 stones
Armour
 c - a +0 buckler
 g - a +0 chain mail
 j - the +1 cloak "Oklocano" (worn) {Rampage rC+ Str+3 SInv}
   (You acquired it on level 4 of the Dungeon)

   Str:       It affects your strength (+3).
   rC:        It protects you from cold.
   SInv:      It lets you see invisible.
   Rampage:   It bestows one free step when moving towards enemies.
 n - a +0 scale mail
 q - a +0 tower shield (worn)
 s - a +1 plate armour (worn)
 v - the +2 leather armour of the Orb Guardian {Fly Str+3}
   (You found it on level 3 of the Dungeon)

   Str:       It affects your strength (+3).
   Fly:       It grants you flight.
 y - the +2 ratskin cloak {*Rats rPois rN+ Str-1 Int-1 Dex+1}
   (You found it on level 5 of the Dungeon)

   *Rats:     When the wearer is hurt, rats may emerge from it to assist them.
   Str:       It affects your strength (-1).
   Int:       It affects your intelligence (-1).
   Dex:       It affects your dexterity (+1).
   rPois:     It protects you from poison.
   rN:        It protects you from negative energy.
Wands
 x - a wand of mindburst (2)
Scrolls
 h - a scroll of enchant armour
 l - 2 scrolls of magic mapping
 o - 3 scrolls of vulnerability
 w - 2 scrolls of teleportation
Potions
 d - 2 potions of might
 e - 3 potions of cancellation
 i - 4 potions of curing
 k - a potion of lignification {unknown}
 m - a potion of heal wounds {unknown}
 r - 2 potions of ambrosia
 u - 4 potions of attraction


   Skills:
 + Level 7.2 Fighting
 + Level 2.9 Short Blades
 + Level 2.9 Long Blades
 + Level 5.5 Axes
 + Level 2.9 Maces & Flails
 + Level 2.9 Polearms
 + Level 2.9 Staves
 + Level 2.9 Ranged Weapons
 + Level 2.9 Throwing
 + Level 7.2 Armour
 + Level 2.9 Dodging
 + Level 2.9 Stealth
 + Level 7.2 Shields
 + Level 2.9 Unarmed Combat
 + Level 2.9 Spellcasting
 + Level 2.3 Conjurations
 + Level 2.3 Hexes
 + Level 2.3 Summonings
 + Level 2.3 Necromancy
 + Level 2.3 Translocations
 + Level 2.3 Transmutations
 + Level 2.3 Fire Magic
 + Level 2.3 Ice Magic
 + Level 2.3 Air Magic
 + Level 2.3 Earth Magic
 + Level 2.3 Poison Magic
 + Level 3.2 Invocations
 + Level 2.9 Evocations


You had 11 spell levels left.
You didn't know any spells.
Your spell library contained the following spells:

 Spells                   Type           Power      Damage    Failure   Level
 Cigotuvi's Dreadful Rot  Necr/Pois/Air  10%        N/A       100%        2
 Ensorcelled Hibernation  Hex/Ice        10%        N/A       100%        2
 Passwall                 Tmut/Erth      4%         N/A       100%        2
 Swiftness                Air            5%         N/A       100%        3
 Dispel Undead            Necr           5%         3d7       100%        4
 Leda's Liquefaction      Hex/Erth       2%         N/A       100%        4
 Lee's Rapid Deconstruct  Erth           2%         3d5*      100%        5
 Death Channel            Necr           2%         N/A       100%        6
 Statue Form              Tmut/Erth      3%         N/A       100%        6


Dungeon Overview and Level Annotations

Branches:
Dungeon (6/15)
 Temple: D:4-7

Altars:
Cheibriados
Fedhas
Vehumet

Shops:
D:5 ?

Annotations:
D:5 3 runed translucent doors, exclusion: 3 doors, Silenceoftheyaks's ghost, novice OpAr


Innate Abilities, Weirdness & Mutations

You have very sharp teeth.
Your uncanny sense of smell can sniff out nearby items.
Your experience applies equally to all skills.


Message History

You hit the electric eel.
The electric eel looks as sick as possible!
Your bite misses the electric eel.
The electric eel is almost dead.
You kill the electric eel!
The ufetubus hits you but does no damage. x2
You block the ufetubus's attack. The ufetubus barely misses you.
The electric eel shoots out a bolt of lightning at you!
The bolt of electricity hits you!
* * * LOW HITPOINT WARNING * * *
The bolt of electricity hits the ufetubus!
The ufetubus dies!
You feel your dexterity returning.
You barely miss the electric eel. You bite the electric eel.
The electric eel is lightly wounded.
You hit the electric eel.
The electric eel is poisoned.
The electric eel is lightly wounded.
You hit the electric eel.
The electric eel looks even sicker.
The electric eel is moderately wounded.
You miss the electric eel.
The electric eel is lightly wounded.
The electric eel shoots out a bolt of lightning at you!
The bolt of electricity hits you.
* * * LOW HITPOINT WARNING * * *
You hit the electric eel.
The electric eel looks as sick as possible!
The electric eel is moderately wounded.
The electric eel shoots out a bolt of lightning at you!
The bolt of electricity hits you.
* * * LOW HITPOINT WARNING * * *
You completely miss the electric eel.
The electric eel is severely wounded.
The electric eel shoots out a bolt of lightning at you!
The bolt of electricity hits you.
* * * LOW HITPOINT WARNING * * *
You barely miss the electric eel.
The electric eel is almost dead.
The electric eel shoots out a bolt of lightning at you!
The bolt of electricity hits you.
You die...

#........# #.#
.........##
..#. .........
..... ....
.......##....#
#.....
#............
≈≈≈≈≈
#....≈≈≈≈≈≈≈
...≈#
#....≈......
#.≈# ##...@≈.#
#.≈#
##.....S.#
#.≈.
##....#.≈.#
#.≈.
##...###.≈.#
#.≈. ..
##...## #.≈.#
#.≈. ..#
##...## ##.≈.#
#.≈.#..
...####...##
.≈.# #.≈.#..
....#....##
.≈.# #.≈ #..
........## ...
#.#


You could see an electric eel (extremely poisoned).

Vanquished Creatures
  An ogre (D:5)
  A phantom (D:4)
  A jelly (D:5)
  An electric eel (D:6)
  2 howler monkeys (D:5)
  3 hounds (D:5)
  A quasit (D:6)
  2 sleepcaps
  Natasha (twice) (D:2)
  2 iguanas
  3 orc wizards
  5 adders
  3 ufetubi
  2 worms
  A dart slug (D:1)
  13 orcs
  7 bats
  3 endoplasms
  A giant cockroach (D:4)
  6 goblins
  7 hobgoblins
  4 jackals (D:1)
  8 kobolds
  5 quokkas
  11 ball pythons
  4 frilled lizards
  5 rats
104 creatures vanquished.

Vanquished Creatures (others)
  An ufetubus (D:6)
1 creature vanquished.

Grand Total: 105 creatures vanquished

Notes
Turn   | Place    | Note
-------+----------+-------------------------------------------
     0 | D:1      | AarnesTheHuman the Gnoll Fighter began the quest for the
                  | Orb.
     0 | D:1      | Reached XP level 1. HP: 23/23 MP: 1/1
    54 | D:1      | Reached XP level 2. HP: 23/29 MP: 2/2
   409 | D:1      | Reached XP level 3. HP: 35/35 MP: 3/3
   732 | D:2      | Reached skill level 1 in Invocations
  1019 | D:2      | Reached skill level 1 in Short Blades
  1019 | D:2      | Reached skill level 1 in Long Blades
  1019 | D:2      | Reached skill level 1 in Maces & Flails
  1019 | D:2      | Reached skill level 1 in Polearms
  1019 | D:2      | Reached skill level 1 in Staves
  1019 | D:2      | Reached skill level 1 in Ranged Weapons
  1019 | D:2      | Reached skill level 1 in Throwing
  1019 | D:2      | Reached skill level 1 in Dodging
  1019 | D:2      | Reached skill level 1 in Stealth
  1019 | D:2      | Reached skill level 1 in Unarmed Combat
  1019 | D:2      | Reached skill level 1 in Spellcasting
  1019 | D:2      | Reached skill level 1 in Evocations
  1159 | D:2      | Reached XP level 4. HP: 22/41 MP: 5/5
  1168 | D:2      | HP: 2/41 [poisoned by a kobold]
  1333 | D:2      | Noticed Natasha
  1340 | D:2      | Killed Natasha
  1341 | D:2      | Reached skill level 1 in Conjurations
  1341 | D:2      | Reached skill level 1 in Hexes
  1341 | D:2      | Reached skill level 1 in Summonings
  1341 | D:2      | Reached skill level 1 in Necromancy
  1341 | D:2      | Reached skill level 1 in Translocations
  1341 | D:2      | Reached skill level 1 in Transmutations
  1341 | D:2      | Reached skill level 1 in Fire Magic
  1341 | D:2      | Reached skill level 1 in Ice Magic
  1341 | D:2      | Reached skill level 1 in Air Magic
  1341 | D:2      | Reached skill level 1 in Earth Magic
  1341 | D:2      | Reached skill level 1 in Poison Magic
  1862 | D:2      | Noticed Natasha
  1870 | D:2      | Killed Natasha
  2057 | D:3      | Reached XP level 5. HP: 26/47 MP: 7/7
  2563 | D:3      | Identified the +2 leather armour of the Orb Guardian {Fly
                  | Str+3}
  2793 | D:4      | Identified a scroll of acquirement
  2793 | D:4      | Acquired the +1 cloak "Oklocano" {Rampage rC+ Str+3 SInv}
  2921 | D:4      | Found a radiant altar of Vehumet.
  3129 | D:4      | Found a blossoming altar of Fedhas.
  3173 | D:4      | Noticed a phantom
  3239 | D:4      | Reached XP level 6. HP: 53/53 MP: 8/8
  3338 | D:4      | Reached skill level 5 in Axes
  3597 | D:5      | Entered Level 5 of the Dungeon
  3757 | D:5      | Found the +2 ratskin cloak {*Rats rPois rN+ Str-1 Int-1
                  | Dex+1}
  3800 | D:5      | Reached XP level 7. HP: 60/60 MP: 10/10
  3822 | D:5      | Found a snail-covered altar of Cheibriados.
  4044 | D:5      | Found a runed translucent gate.
  4044 | D:5      | Found a runed translucent gate.
  4044 | D:5      | Found a runed translucent gate.
  4059 | D:5      | Identified the +1 whip of Relarelu {holy, +Blink rPois}
  4059 | D:5      | Identified the +1 chain mail "Gichisah" {MP+9}
  4059 | D:5      | Noticed Silenceoftheyaks's ghost (novice OpAr)
  4749 | D:5      | Found Meejet's Magic Scroll Boutique.
  4767 | D:5      | Bought a scroll of identify for 30 gold pieces
  5083 | D:6      | Killed from afar by an electric eel

Illustrated notes

Levels and vault maps discovered:
D:1:      psy_arrival_dodecagon, layout_loops_ring
D:2:      layout_basic, minivault_14, uniq_natasha
D:3:      layout_basic
D:4:      nicolae_cairo_tiling_large_dashed, layout_cave_pools,
          lemuel_coloured_pillars_altar, kennysheep_little_box,
          kennysheep_pointless_box
D:5:      layout_basic, slow_altar_2, biasface_ghost_orc_armoury, serial_shops,
          shop
D:6:      layout_layer_cave, mainiacjoe_overflow_alcove_2,
          nicolae_overflow_squiral, minmay_temple_entry_ruins, serial_demonic,
          serial_demonic_f, serial_demonic_b, serial_demonic_b,
          serial_demonic_c, serial_demonic_a, serial_demonic_b

Skill      XL: |  1  2  3  4  5  6  7 |
---------------+----------------------+-----
Invocations    | 1 2 3 |  3.2
Short Blades   | 1 2 |  2.9
Long Blades    | 1 2 |  2.9
Maces & Flails | 1 2 |  2.9
Polearms       | 1 2 |  2.9
Staves         | 1 2 |  2.9
Ranged Weapons | 1 2 |  2.9
Throwing       | 1 2 |  2.9
Dodging        | 1 2 |  2.9
Stealth        | 1 2 |  2.9
Unarmed Combat | 1 2 |  2.9
Spellcasting   | 1 2 |  2.9
Evocations     | 1 2 |  2.9
Conjurations   | 1 2 |  2.3
Hexes          | 1 2 |  2.3
Summonings     | 1 2 |  2.3
Necromancy     | 1 2 |  2.3
Translocations | 1 2 |  2.3
Transmutations | 1 2 |  2.3
Fire Magic     | 1 2 |  2.3
Ice Magic      | 1 2 |  2.3
Air Magic      | 1 2 |  2.3
Earth Magic    | 1 2 |  2.3
Poison Magic   | 1 2 |  2.3
Axes           | 5 |  5.5
Fighting       | 7 |  7.2
Armour         | 7 |  7.2
Shields        | 7 |  7.2

Action                     |  1- 3 |  4- 6 |  7- 9 || total
---------------------------+-------+-------+-------++-------
  Melee: War axe           |    98 |     2 |       ||   100
         Bite              |    14 |    29 |    21 ||    64
         Dagger            |       |   214 |   134 ||   348
    Use: Scroll            |       |     9 |     2 ||    11
 Armour: Scale mail        |    10 |       |       ||    10
         Chain mail        |    48 |    39 |       ||    87
         Plate armour      |       |    76 |   203 ||   279
  Dodge: Dodged            |    35 |    42 |    61 ||   138
  Block: Buckler           |    33 |    34 |       ||    67
         Tower shield      |       |     7 |   153 ||   160
